 Dungeon Crawl Stone Soup version 0.20.0-15-g7f486f2 (webtiles) character file.

592 vishdafish the Ducker (level 7, -6/62 HPs)
             Began as a Naga Warper on June 30, 2017.
             Mangled by an iguana (10 damage)
             ... on level 4 of the Dungeon.
             The game lasted 00:16:42 (6012 turns).

vishdafish the Ducker (Naga Warper)                 Turns: 6012, Time: 00:16:42

Health: -6/62      AC:  8    Str: 13    XL:     7   Next: 39%
Magic:  11/11      EV: 10    Int: 16    God:
Gold:   306        SH:  6    Dex: 10    Spells: 7/12 levels left

rFire    . . .     SeeInvis +   a - +0 short sword
rCold    . . .     Gourm    .   l - +2 buckler
rNeg     . . .     Faith    .   b - +0 leather armour
rPois    +         Spirit   .   d - +0 helmet
rElec    .         Reflect  .   s - +1 cloak
rCorr    .         Harm     .   m - +0 pair of gloves
MR       .....                  (no barding)
Stlth    ++........             (no amulet)
Regen    0.2/turn               (no ring)
MPRegen  0.2/turn               (no ring)

@: very slow
A: see invisible, deformed body, poison resistance, slowness 2, slow metabolism
1, spit poison 1, AC +2
a: Spit Poison


You were on level 4 of the Dungeon.
You were hungry.

You visited 1 branch of the dungeon, and saw 5 of its levels.

You collected 306 gold pieces.

Inventory:

Hand Weapons
 a - a +0 short sword (weapon)
Missiles
 e - 5 tomahawks of dispersal (quivered)
 C - 5 tomahawks
Armour
 b - a +0 leather armour (worn)
 d - a +0 helmet (worn)
 l - a +2 buckler (worn)
 m - a +0 pair of gloves (worn)
 s - a +1 cloak (worn)
Scrolls
 g - 2 scrolls of remove curse
 i - 2 scrolls of recharging {unknown}
 k - 3 scrolls of identify
 n - 3 scrolls of magic mapping {unknown}
 o - 3 scrolls of teleportation
 q - a scroll of fear {unknown}
 t - 2 scrolls of amnesia {unknown}
 u - 3 scrolls of immolation {unknown}
 v - 2 scrolls of fog {unknown}
 x - a scroll of random uselessness {unknown}
 y - a scroll of enchant weapon {unknown}
 D - a scroll of noise {unknown}
Potions
 j - a potion of magic
 p - a potion of mutation {unknown}
 r - a potion of brilliance
 z - a potion of agility
 A - a potion of heal wounds {unknown}
Books
 c - a book of Spatial Translocations

   Spells                             Type                      Level
   a - Blink                          Translocation                2
   b - Shroud of Golubria             Charms/Translocation         2
   c - Lesser Beckoning               Translocation                3
   d - Gell's Gravitas                Translocation                3
   e - Teleport Other                 Translocation                3
   f - Passage of Golubria            Translocation                4
Comestibles
 f - 3 bread rations
 h - 5 meat rations
 w - 3 royal jellies


   Skills:
 + Level 3.3 Fighting
 + Level 2.9 Short Blades
 - Level 0.8 Throwing
 - Level 0.7 Armour
 * Level 3.8 Dodging
 + Level 3.2 Stealth
 * Level 3.0 Shields
 + Level 3.0 Spellcasting
 - Level 3.0 Translocations


You had 7 spell levels left.
You knew the following spells:

 Your Spells              Type           Power        Failure   Level  Hunger
a - Blink                 Tloc           N/A          11%         2    ##.....
b - Gell's Gravitas       Tloc           ##........   21%         3    ###....


Dungeon Overview and Level Annotations

Branches:
Dungeon (5/15)
 Temple: D:4-7

Altars:
Nemelex Xobeh

Annotations:
D:3 Grinder
D:4 Dowan; Duvessa; vishdafish's ghost, amateur MiFi


Innate Abilities, Weirdness & Mutations

You cannot wear boots.
Your serpentine skin is tough. (AC +2)
You have supernaturally acute eyesight. (SInv)
Armour fits poorly on your strangely shaped body.
Your system is resistant to poisons. (rPois)
You cover ground very slowly.
You have a slow metabolism.
You can spit poison.


Message History

The iguana is almost dead.
The iguana barely misses you.
You closely miss the iguana.
The iguana is almost dead.
You block the iguana's attack.
You hit the iguana but do no damage.
The iguana is almost dead.
You hit the iguana.
The iguana is almost dead.
The iguana barely misses you. The dart slug launches a dart at you.
The slug dart hits you!
You hit the iguana but do no damage.
The iguana is almost dead.
The iguana bites you.
* * * LOW HITPOINT WARNING * * *
You closely miss the iguana.
The iguana is almost dead.
The iguana bites you!
You die...

#..## #.# ......# ##.## #.#
#.#... ###..# #.# #..##. ###...##
#.# #..## #...### #.# #######...
#.### #.# #......... #.#
#.########......... #.#
#####.##............)..
####.######.....@l.##............
............###.####.[##.........
...†....#######.###..###.........
........##.....w.....############
#########.............##
#...............#
#...............#
#...............#
#...............#


You could see an iguana and a dart slug.

Vanquished Creatures
  Menkaure (D:4)
  A scorpion (D:4)
  2 orc priests (D:5)
  A hound (D:4)
  3 orc wizards
  Natasha (twice) (D:2)
  2 worker ants (D:4)
  Robin (D:3)
  5 adders
  An ooze (D:2)
  An adder skeleton (D:4)
  4 worms
  4 leopard geckos
  5 orcs
  3 giant cockroaches
  18 goblins
  8 hobgoblins
  2 kobolds (D:2)
  3 quokkas
  2 ball pythons
  8 bats
  3 frilled lizards
  A quokka skeleton (D:4)
  5 rats
86 creatures vanquished.

Notes
Turn   | Place    | Note
-------+----------+-------------------------------------------
     0 | D:1      | vishdafish the Naga Warper began the quest for the Orb.
     0 | D:1      | Reached XP level 1. HP: 19/19 MP: 3/3
    36 | D:1      | Found a sparkling altar of Nemelex Xobeh.
   596 | D:1      | Reached XP level 2. HP: 17/26 MP: 5/5
  1561 | D:2      | Reached XP level 3. HP: 7/33 MP: 6/6
  2109 | D:1      | Reached skill level 1 in Stealth
  2340 | D:2      | Reached XP level 4. HP: 29/40 MP: 7/7
  2402 | D:2      | Reached skill level 1 in Shields
  2674 | D:2      | Noticed Natasha
  2700 | D:2      | Killed Natasha
  2866 | D:2      | Noticed Natasha
  2878 | D:2      | Killed Natasha
  2878 | D:2      | Reached XP level 5. HP: 19/46 MP: 8/8
  3156 | D:3      | Noticed Robin
  3237 | D:3      | Killed Robin
  3493 | D:3      | Learned a level 2 spell: Blink
  3497 | D:3      | Learned a level 3 spell: Gell's Gravitas
  3581 | D:3      | HP: 1/46 [orc/short sword (5)]
  4061 | D:3      | Noticed Grinder
  4061 | D:3      | Noticed a sky beast
  4091 | D:4      | Noticed vishdafish's ghost (amateur MiFi)
  4104 | D:4      | Reached XP level 6. HP: 13/55 MP: 7/9
  4557 | D:4      | Noticed Menkaure
  4584 | D:4      | Killed Menkaure
  4885 | D:5      | Entered Level 5 of the Dungeon
  4895 | D:4      | HP: 1/56 [scorpion (3)]
  4914 | D:4      | Reached XP level 7. HP: 12/62 MP: 11/11
  5189 | D:4      | Noticed Dowan
  5193 | D:4      | Noticed Duvessa
  5781 | D:4      | HP: 3/62 [worker ant (7)]
  5788 | D:4      | HP: 2/62 [poisoned by a worker ant]
  6012 | D:4      | Mangled by an iguana

Skill      XL: |  1  2  3  4  5  6  7 |
---------------+----------------------+-----
Dodging        | 2 3 |  3.8
Stealth        | 1 2 3 |  3.2
Shields        | 1 2 3 |  3.0
Fighting       | 3 |  3.3
Spellcasting   | 3 |  3.0
Short Blades   | |  2.9
Throwing       | |  0.8
Armour         | |  0.7
Translocations | |  3.0

Action                   |  1- 3 |  4- 6 |  7- 9 || total
-------------------------+-------+-------+-------++-------
Melee: Short sword       |   116 |   312 |   139 ||   567
 Cast: Blink             |       |     4 |     7 ||    11
 Abil: Spit Poison       |     8 |    14 |     2 ||    24
  Use: Potion            |       |     7 |     1 ||     8
       Scroll            |       |     5 |       ||     5
 Stab: Sleeping          |       |     1 |       ||     1
  Eat: Chunk             |     3 |     3 |     3 ||     9
       Meat ration       |       |     1 |       ||     1
Armor: Leather armour    |    43 |   118 |    47 ||   208
       Skin              |       |    25 |       ||    25
Dodge: Dodged            |    48 |   159 |    72 ||   279
Block: Buckler           |    25 |    94 |    51 ||   170
